 Dungeon Crawl Stone Soup version 0.29-a0-721-g7f417c9bbb (webtiles) character file.

Game seed: 16400445891268546530

97377 Mgcat the Severer (level 16, -1/180 HPs)
             Began as an Ogre Fighter on June 26, 2022.
             Was the Champion of Makhleb.
             Slain by a two-headed ogre
             ... wielding a +0 giant spiked club
              (9 damage)
             ... on level 2 of the Orcish Mines on June 27, 2022.
             The game lasted 01:01:43 (29527 turns).

Mgcat the Severer (Ogre Fighter)                   Turns: 29527, Time: 01:01:43

Health: -1/180     AC: 16    Str: 30    XL:     16   Next: 19%
Magic:  0/23       EV: 10    Int:  9    God:    Makhleb [******]
Gold:   3828       SH: 10    Dex:  8    Spells: 15/15 levels left

rFire   . . .      SeeInvis .   E - +7 war axe
rCold   . . .      Faith    .   n - +0 kite shield
rNeg    . . .      Spirit   +   l - +0 swamp dragon scales
rPois   +          Reflect  .   J - +2 hat
rElec   .          Harm     .   D - scarf {repulsion}
rCorr   .          Rampage  .   (gloves unavailable)
Will    ++...                   (boots unavailable)
Stlth   ..........              a - amulet of guardian spirit {Spirit}
HPRegen 0.40/turn               m - +4 ring of protection
MPRegen 0.18/turn               K - ring of willpower

@: studying Axes, repel missiles
A: large, unfitting armour, tough skin 1
a: Renounce Religion, Minor Destruction, Lesser Servant of Makhleb, Major
Destruction, Greater Servant of Makhleb


You were on level 2 of the Orcish Mines.
You worshipped Makhleb.
Makhleb was exalted by your worship.
You visited 3 branches of the dungeon, and saw 20 of its levels.
You also visited: Bailey.

You collected 4080 gold pieces.
You spent 252 gold pieces at shops.

Inventory:

Hand Weapons
 d - the +10 mace of Squeaky Defiance {vamp, MP+9 Dex+3}
   (You found it on level 4 of the Dungeon)

   It occasionally heals its wielder for a portion of the damage dealt when it
   wounds a living foe.
   Dex:       It affects your dexterity (+3).
   MP:        It affects your magic capacity (+9).
 E - a +7 war axe (weapon)
   (You took it off a wight on level 6 of the Dungeon)
 I - a +0 trident
   (You took it off an orc on level 2 of the Orcish Mines)
 N - a +0 trident
   (You took it off an orc on level 2 of the Orcish Mines)
Missiles
 h - 4 throwing nets {=f, !d}
 j - 19 boomerangs
Armour
 l - +0 swamp dragon scales (worn)
   (You took it off Maggie on level 9 of the Dungeon)
 n - a +0 kite shield (worn)
 D - a scarf of repulsion (worn)
   (You bought it in a shop on level 6 of the Dungeon)
 J - a +2 hat (worn)
   (You took it off Gastronok on level 8 of the Dungeon)
Jewellery
 a - an amulet of guardian spirit (around neck) {Spirit}
   (You found it on level 9 of the Dungeon)
 i - a ring of see invisible {sInv, !d}
   (You found it on level 1 of the Lair of Beasts)
 m - a +4 ring of protection (left hand)
   (You found it on level 2 of the Dungeon)
 v - a ring of protection from cold {rC+, !d}
   (You found it on level 10 of the Dungeon)
 B - an amulet of the acrobat
   (You found it on level 2 of the Lair of Beasts)
 G - a ring of flight {+Fly, !d}
   (You took it off an orc warrior on level 1 of the Orcish Mines)
 K - a ring of willpower (right hand)
   (You found it on level 2 of the Lair of Beasts)
 M - a ring of protection from fire {rF+, !d}
   (You found it on level 2 of the Lair of Beasts)
Wands
 f - a wand of mindburst (1)
   (You found it on level 11 of the Dungeon)
 q - a wand of polymorph (2)
   (You found it on level 4 of the Lair of Beasts)
 y - a wand of iceblast (2)
   (You found it on level 5 of the Lair of Beasts)
 F - a wand of flame (26)
   (You took it off Dowan on level 6 of the Dungeon)
 H - a wand of paralysis (15)
   (You found it on level 6 of the Dungeon)
 L - a wand of quicksilver (9)
   (You found it on level 8 of the Dungeon)
 O - a wand of digging (3)
   (You found it on level 6 of the Lair of Beasts)
Scrolls
 c - 3 scrolls of magic mapping {!r}
 k - a scroll of blinking {!r}
 p - 2 scrolls of fear
 t - a scroll of summoning
 w - 5 scrolls of teleportation
 A - 6 scrolls of identify
 C - a scroll of fog
 Q - 2 scrolls of poison
Potions
 b - 5 potions of lignification {!q}
 e - 8 potions of flight
 g - 12 potions of curing
 o - 4 potions of berserk rage {!q}
 r - a potion of magic
 s - a potion of brilliance
 u - a potion of resistance
 x - a potion of cancellation
 z - a potion of ambrosia


   Skills:
 + Level 16.5 Fighting
 * Level 18.0 Axes
 + Level 7.7 Armour
 - Level 8.4 Dodging
 + Level 11.6 Shields
 + Level 9.7 Invocations
 - Level 2.1 Evocations


You had 15 spell levels left.
You didn't know any spells.
Your spell library contained the following spells:

 Spells                   Type           Power      Damage    Failure   Level
 Freeze                   Ice            0%         1d3       67%         1
 Magic Dart               Conj           0%         1d3       67%         1
 Necrotize                Necr           0%         1d4       67%         1
 Shock                    Conj/Air       0%         1d3       67%         1
 Slow                     Hex            0%         N/A       67%         1
 Call Imp                 Summ           0%         N/A       82%         2
 Static Discharge         Conj/Air       0%         N/A       82%         2
 Sublimation of Blood     Necr           0%         N/A       82%         2
 Wereblood                Tmut           0%         N/A       82%         2
 Confusing Touch          Hex            0%         N/A       96%         3
 Frozen Ramparts          Ice            0%         1d2       96%         3
 Gell's Gravitas          Tloc           0%         N/A       96%         3
 Lesser Beckoning         Tloc           0%         N/A       96%         3
 Mephitic Cloud           Conj/Pois/Air  0%         N/A       96%         3
 Ozocubu's Armour         Ice            0%         N/A       96%         3
 Teleport Other           Tloc           0%         N/A       96%         3
 Vampiric Draining        Necr           0%         2d6       96%         3
 Corpse Rot               Necr/Pois/Air  0%         N/A       100%        4
 Dispel Undead            Necr           0%         3d6       100%        4
 Hailstorm                Conj/Ice       0%         3d3       100%        4
 Ice Form                 Ice/Tmut       0%         N/A       100%        4
 Sticky Flame             Conj/Fire      0%         2d3       100%        4
 Agony                    Necr           0%         N/A       100%        5
 Metabolic Englaciation   Hex/Ice        0%         N/A       100%        5
 Conjure Ball Lightning   Conj/Air       0%         3x3d6     100%        6
 Death Channel            Necr           0%         N/A       100%        6
 Simulacrum               Ice/Necr       0%         N/A       100%        6
 Summon Hydra             Summ           0%         N/A       100%        7
 Dragon's Call            Summ           0%         N/A       100%        9


Dungeon Overview and Level Annotations

Branches:
Dungeon (12/15)            Temple (0/1) D:6            Lair (6/6) D:10
 Shoals (0/4) Lair:4       Spider (0/4) Lair:3        Slime (0/5) Lair:5
    Orc (2/2) D:12         Bailey (visited)
    Elf: Orc:2

Altars:
Ashenzari
Dithmenos
Gozag
Kikubaaqudgha
Makhleb
Nemelex Xobeh
Qazlal
Ru
Trog
Vehumet
Yredelemnul
Zin
The Shining One
Beogh
Jiyva

Shops:
D:6 [   D:10 ?

Annotations:
D:3 Grinder
D:5 2 runed translucent doors


Innate Abilities, Weirdness & Mutations

You are too large for most types of armour.
You have tough skin. (AC +1)


Message History

The two-headed ogre barely misses you.
The two-headed ogre hits you with a +0 giant club!
A two-headed ogre comes into view. It is wielding two +0 giant clubs.
You take 57 damage, and have 62/180 hp.
MASSIVE DAMAGE!!
You now have 6/23 mp.
You are too injured to fight recklessly!
You are too injured to fight recklessly!
You are too injured to fight recklessly!
The two-headed ogre shouts in stereo!
You slash the two-headed ogre!
The two-headed ogre is moderately wounded.
You slash the two-headed ogre! x2; You hit the two-headed ogre.
The two-headed ogre closely misses you. You block the two-headed ogre's attack.
You are too injured to fight recklessly!
You are too injured to fight recklessly!
You barely miss the two-headed ogre.
The two-headed ogre is lightly wounded.
You slash the two-headed ogre!
You kill the two-headed ogre!
Makhleb accepts your kill.
You feel better.
You slice the two-headed ogre!! You hit the two-headed ogre.
You block the two-headed ogre's attack. x2
The two-headed ogre hits you with a +0 giant club!!
* * * LOW HITPOINT WARNING * * *
You block the two-headed ogre's attack.
The two-headed ogre hits you with a +0 dire flail!
* * * LOW HITPOINT WARNING * * *
The two-headed ogre hits you with a +1 dire flail of holy wrath.
* * * LOW HITPOINT WARNING * * *
You are too injured to fight recklessly!
You take 27 damage, and have 35/180 hp.
You now have 3/23 mp.
You are too injured to fight recklessly!
You are too injured to fight recklessly!
You barely miss the two-headed ogre.
The two-headed ogre is lightly wounded.
You slash the two-headed ogre!
You kill the two-headed ogre!
Makhleb accepts your kill.
You feel better.
You slash the two-headed ogre!
You regained 7 hp, and now have 42/180 hp.
You are too injured to fight recklessly!
You are too injured to fight recklessly!
You are too injured to fight recklessly!
You are too injured to fight recklessly!
You are too injured to fight recklessly!
You barely miss the two-headed ogre.
The two-headed ogre is severely wounded.
You hit the two-headed ogre. x2; You slash the ogre!
The two-headed ogre closely misses you.
The two-headed ogre hits you but does no damage.
You block the two-headed ogre's attack.
The two-headed ogre hits you with a +0 giant club!
* * * LOW HITPOINT WARNING * * *
The two-headed ogre misses you. The two-headed ogre barely misses you.
The ogre closely misses you.
You take 7 damage, and have 35/180 hp.
You now have 2/23 mp.
You are too injured to fight recklessly!
You are too injured to fight recklessly!
You are too injured to fight recklessly!
You closely miss the two-headed ogre.
The two-headed ogre is severely wounded.
You slash the two-headed ogre! x2; You barely miss the ogre.
You are too injured to fight recklessly!
You are too injured to fight recklessly!
You are too injured to fight recklessly!
You are too injured to fight recklessly!
You slice the two-headed ogre!!
You kill the two-headed ogre!
Makhleb accepts your kill.
You feel better.
You slice the two-headed ogre!! You hit the ogre.
You slash the two-headed ogre!
The two-headed ogre hits you with a +0 giant spiked club!!
* * * LOW HITPOINT WARNING * * *
The two-headed ogre hits you but does no damage.
You block the two-headed ogre's attack. The two-headed ogre barely misses you.
You take 22 damage, and have 14/180 hp.
You now have 1/23 mp.
You are too injured to fight recklessly!
You are too injured to fight recklessly!
You are too injured to fight recklessly!
You are too injured to fight recklessly!
You are too injured to fight recklessly!
You are too injured to fight recklessly!
You are too injured to fight recklessly!
You dice the two-headed ogre like an onion!!!
You kill the two-headed ogre!
Makhleb accepts your kill.
You feel better.
You slash the ogre! You barely miss the two-headed ogre. You slash the ogre!
The ogre hits you with a +0 giant club!
* * * LOW HITPOINT WARNING * * *
Your Axes skill increases to level 18!
You are too injured to fight recklessly!
You take 6 damage, and have 8/180 hp.
You now have 0/23 mp.
You are too injured to fight recklessly!
You are too injured to fight recklessly!
You are too injured to fight recklessly!
You dice the ogre like an onion!!!
You kill the ogre!
Makhleb accepts your kill.
You slash the two-headed ogre! You slash the ogre! You block the ogre's attack.
The two-headed ogre hits you with a +0 giant spiked club!
You die...

####.................
########.#..............
........###............
.........####......#...
#######...# #....
....####..#......
......##.........
.....OO#....#....
.....O)@.........
....OOO).........
.......#..##.....
......##..# ..... ....##
#..# .... #### ...# ..#.
..## #.


You could see 2 two-headed ogres and 4 ogres.

Vanquished Creatures
  Jorgrun (Orc:1)
  Gastronok (D:8)
  2 orc warlords (Orc:1)
  Josephine (Lair:5)
  6 hydras
  2 boulder beetles
  3 ogre magi (Orc:2)
  2 centaur warriors
  13 two-headed ogres
  Erica (Orc:1)
  11 death yaks
  Amaemon (D:10)
  A lindwurm (Lair:4)
  4 orc knights (Orc:1)
  2 wolf spiders (Lair:6)
  An ugly thing (D:11)
  2 orc sorcerers (Orc:1)
  Pikel (D:4)
  2 deep elf pyromancers (D:12)
  4 cyclopes
  Maurice (D:8)
  5 manticores
  6 black mambas
  Joseph (D:8)
  12 elephants
  A guardian serpent (Lair:6)
  A guardian serpent (shapeshifter) (D:11)
  A torpor snail (Lair:1)
  19 cane toads
  3 gargoyles (D:12)
  An orange demon (D:10)
  9 komodo dragons
  Maggie (D:9)
  3 unseen horrors
  9 trolls
  3 hornets
  12 polar bears
  4 slime creatures
  13 blink frogs
  14 dream sheep
  A dream sheep (shapeshifter) (D:12)
  A centaur simulacrum (D:11)
  A culicivora (Lair:5)
  5 wraiths
  17 wyverns
  4 basilisks
  43 yaks
  Eustachio (D:5)
  Grum (D:8)
  A steam dragon (D:7)
  3 humans (Bailey)
  2 redbacks (Lair:6)
  3 acid dragons
  10 wargs
  30 water moccasins
  Duvessa (D:6)
  17 hell hounds (Lair:6)
  28 orc warriors
  3 ice beasts
  12 black bears
  9 centaurs
  23 ogres
  28 wolves
  2 phantoms
  4 lemures (D:4)
  2 kobold brigands
  5 necrophages
  Blork the orc (D:6)
  20 bullfrogs
  2 gnoll sergeants
  8 scorpions
  A water moccasin zombie (D:6)
  5 wights (D:6)
  Dowan (D:6)
  4 killer bees (D:7)
  7 electric eels
  7 howler monkeys
  A lava snake (D:11)
  8 hounds
  3 bullfrog zombies (D:6)
  A human zombie (D:6)
  A gnoll shaman (D:10)
  14 orc priests
  6 jellies
  4 iguanas
  Natasha (thrice) (D:4)
  23 orc wizards
  A boggart simulacrum (D:11)
  2 mummies (D:6)
  19 gnolls
  11 adders
  2 shadow imps
  8 white imps
  2 ufetubi
  2 worms
  A dart slug (D:4)
  68 orcs
  8 ball pythons
  8 endoplasms
  2 giant cockroaches
  17 goblins
  12 hobgoblins
  12 jackals
  14 kobolds
  5 quokkas
  3 bats (D:2)
  5 rats
759 creatures vanquished.

Vanquished Creatures (collateral kills)
  An elephant (Lair:6)
  A warg (Orc:1)
  An orc wizard (D:10)
  A gnoll (D:10)
  2 orcs (Orc:1)
6 creatures vanquished.

Vanquished Creatures (others)
  An unseen horror (D:12)
  A steam dragon (D:9)
  A gnoll sergeant (D:9)
  2 orcs
  A kobold (D:10)
  46 fungi
  82 plants
134 creatures vanquished.

Grand Total: 899 creatures vanquished

Notes
Turn   | Place    | Note
-------+----------+-------------------------------------------
     0 | D:1      | Mgcat the Ogre Fighter began the quest for the Orb.
     0 | D:1      | Reached XP level 1. HP: 24/24 MP: 1/1
    59 | D:1      | Reached XP level 2. HP: 25/32 MP: 2/2
   602 | D:1      | Reached skill level 3 in Dodging
   756 | D:1      | Reached XP level 3. HP: 40/40 MP: 3/3
  1008 | D:2      | Reached skill level 3 in Axes
  1032 | D:2      | Found an opulent altar of Gozag.
  1437 | D:3      | Reached XP level 4. HP: 49/49 MP: 4/4
  1661 | D:3      | Found a faded altar of an unknown god.
  2172 | D:3      | Noticed Grinder
  2242 | D:4      | Noticed Natasha
  2252 | D:4      | Killed Natasha
  2253 | D:4      | Reached skill level 5 in Fighting
  2253 | D:4      | Reached XP level 5. HP: 55/57 MP: 5/5
  2401 | D:4      | Noticed Natasha
  2417 | D:4      | Killed Natasha
  2418 | D:4      | Reached skill level 4 in Axes
  2468 | D:4      | Noticed Natasha
  2473 | D:4      | Killed Natasha
  2745 | D:4      | Reached XP level 6. HP: 51/66 MP: 6/6
  2852 | D:4      | Found a broken altar of Ashenzari.
  2864 | D:4      | Found a bloodstained altar of Trog.
  2991 | D:4      | Reached skill level 4 in Dodging
  3000 | D:4      | Reached skill level 6 in Fighting
  3000 | D:4      | Reached skill level 5 in Axes
  3157 | D:4      | Noticed Pikel
  3170 | D:4      | HP: 14/67 [Pikel/+1 whip of freezing (3)]
  3172 | D:4      | HP: 4/67 [Pikel/+1 whip of freezing (7)]
  3172 | D:4      | HP: 1/67 [Pikel/+1 whip of freezing (3)]
  3173 | D:4      | Killed Pikel
  3174 | D:4      | Reached skill level 6 in Axes
  3174 | D:4      | Reached XP level 7. HP: 1/76 MP: 7/7
  3521 | D:4      | Identified the +10 mace of Squeaky Defiance {vamp, MP+9
                  | Dex+3}
  3712 | D:4      | Found a glowing silver altar of Zin.
  3713 | D:4      | Found an opulent altar of Gozag.
  3717 | D:4      | Reached skill level 7 in Fighting
  3717 | D:4      | Reached XP level 8. HP: 81/87 MP: 8/8
  4549 | D:5      | Entered Level 5 of the Dungeon
  4556 | D:5      | Reached skill level 5 in Dodging
  4586 | D:5      | Reached skill level 7 in Axes
  4631 | D:5      | Noticed Eustachio
  4663 | D:5      | Killed Eustachio
  4904 | D:5      | Reached skill level 8 in Fighting
  5173 | D:5      | Reached skill level 8 in Axes
  5316 | D:5      | Found a runed translucent door.
  5339 | D:5      | Found a runed translucent door.
  5469 | D:5      | Reached XP level 9. HP: 97/97 MP: 9/9
  5489 | D:5      | Upgraded the game from 0.29-a0-717-g6dac4ea423 to
                  | 0.29-a0-721-g7f417c9bbb
  5514 | D:6      | Noticed Blork the orc
  5559 | D:5      | Reached skill level 6 in Dodging
  5623 | D:6      | Killed Blork the orc
  5858 | D:6      | Found Teakohuc's Armour Emporium.
  5863 | D:6      | Bought a scarf of repulsion for 144 gold pieces
  5887 | D:6      | Reached skill level 9 in Fighting
  5891 | D:6      | Reached skill level 9 in Axes
  5969 | D:6      | Noticed Duvessa
  5982 | D:6      | Noticed Dowan
  5989 | D:6      | Killed Duvessa
  6066 | D:6      | Killed Dowan
  6181 | D:6      | Found a burning altar of Makhleb.
  6191 | D:6      | Became a worshipper of Makhleb the Destroyer
  6294 | D:6      | Found an ancient bone altar of Kikubaaqudgha.
  6596 | D:6      | Reached skill level 4 in Shields
  6806 | D:6      | Found a large runed translucent door.
  6807 | D:6      | Found a large runed translucent door.
  6945 | D:6      | Found a staircase to the Ecumenical Temple.
  7052 | D:6      | Reached XP level 10. HP: 109/109 MP: 10/10
  7060 | D:6      | Found a shadowy altar of Dithmenos.
  7063 | D:6      | Found a radiant altar of Vehumet.
  7154 | D:7      | Found a flagged portal.
  7170 | Bailey   | Entered a bailey
  7303 | Bailey   | Reached skill level 10 in Axes
  7355 | Bailey   | Reached * piety under Makhleb
  7395 | Bailey   | Reached skill level 10 in Fighting
  7396 | Bailey   | Reached skill level 7 in Dodging
  7779 | Bailey   | Noticed Prince Ribbit
  7787 | Bailey   | Noticed a vault guard
  7800 | Bailey   | HP: 17/110 [vault guard/+0 broad axe (13)]
  8093 | D:7      | Reached skill level 5 in Shields
  8206 | D:7      | Found a stormy altar of Qazlal.
  8248 | D:7      | Found a sparkling altar of Nemelex Xobeh.
  8294 | D:7      | Found a sacrificial altar of Ru.
  8408 | D:7      | HP: 26/111 [orc warrior/+4 glaive of flaming (14)]
  8782 | D:7      | Found a basalt altar of Yredelemnul.
  8914 | D:7      | Found a glowing golden altar of the Shining One.
  9129 | D:8      | Noticed Joseph
  9138 | D:8      | Killed Joseph
  9138 | D:8      | Reached ** piety under Makhleb
  9139 | D:8      | Reached skill level 11 in Axes
  9303 | D:8      | Found a viscous altar of Jiyva.
  9505 | D:8      | Noticed Gastronok
  9505 | D:8      | Noticed Maurice
  9553 | D:8      | Killed Gastronok
  9554 | D:8      | Reached skill level 11 in Fighting
  9554 | D:8      | Reached XP level 11. HP: 94/120 MP: 11/11
  9676 | D:8      | Noticed a two-headed ogre
  9688 | D:8      | Killed a two-headed ogre
  9689 | D:8      | Reached skill level 6 in Shields
  9693 | D:8      | Killed Maurice
 10077 | D:8      | Reached skill level 8 in Dodging
 10150 | D:8      | Noticed Grum
 10190 | D:8      | Killed Grum
 10840 | D:4      | Identified a scroll of acquirement
 10840 | D:4      | Acquired 974 gold pieces
 10939 | D:9      | Noticed Maggie
 10952 | D:9      | Killed Maggie
 11114 | D:9      | Reached skill level 12 in Axes
 11501 | D:10     | Entered Level 10 of the Dungeon
 11606 | D:10     | Reached *** piety under Makhleb
 11678 | D:10     | Noticed Amaemon
 11706 | D:10     | Killed Amaemon
 11856 | D:10     | Found a staircase to the Lair.
 11884 | D:10     | Reached skill level 12 in Fighting
 11918 | D:10     | Reached skill level 7 in Shields
 12247 | D:10     | Found Xasosa's Magic Scroll Boutique.
 12272 | D:10     | Reached skill level 1 in Armour
 12310 | D:10     | Bought a scroll of identify for 24 gold pieces
 12310 | D:10     | Bought a scroll of teleportation for 36 gold pieces
 12310 | D:10     | Bought a scroll of identify for 24 gold pieces
 12310 | D:10     | Bought a scroll of identify for 24 gold pieces
 12314 | D:10     | Gained mutation: You are occasionally teleported next to
                  | monsters. [potion of mutation]
 12314 | D:10     | Gained mutation: You are partially covered in iridescent
                  | scales. (AC +2) [potion of mutation]
 12314 | D:10     | Gained mutation: You are frail. (-10% HP) [potion of
                  | mutation]
 12315 | D:10     | Lost mutation: You are occasionally teleported next to
                  | monsters. [potion of mutation]
 12315 | D:10     | Lost mutation: You are frail. (-10% HP) [potion of
                  | mutation]
 12315 | D:10     | Lost mutation: You are partially covered in iridescent
                  | scales. (AC +2) [potion of mutation]
 12315 | D:10     | Gained mutation: You are somewhat resistant to further
                  | mutation. [potion of mutation]
 12316 | D:10     | Lost mutation: You are somewhat resistant to further
                  | mutation. [potion of mutation]
 12316 | D:10     | Gained mutation: You are clumsy. (Dex -2) [potion of
                  | mutation]
 12316 | D:10     | Lost mutation: You are clumsy. (Dex -2) [potion of
                  | mutation]
 12602 | D:11     | Reached skill level 1 in Evocations
 12710 | D:11     | Reached XP level 12. HP: 118/132 MP: 12/12
 12804 | D:11     | Reached **** piety under Makhleb
 12877 | D:11     | Reached skill level 2 in Armour
 12930 | D:11     | Noticed a boulder beetle
 12946 | D:11     | Reached skill level 2 in Evocations
 13073 | D:11     | Killed a boulder beetle
 13074 | D:11     | Reached skill level 13 in Axes
 13780 | Lair:1   | Entered Level 1 of the Lair of Beasts
 13780 | Lair:1   | Noticed a seven-headed hydra
 13791 | Lair:1   | Killed a seven-headed hydra
 13792 | Lair:1   | Reached skill level 1 in Invocations
 14355 | Lair:1   | Reached skill level 2 in Invocations
 14440 | Lair:1   | Reached skill level 3 in Armour
 14993 | Lair:1   | Reached skill level 8 in Shields
 15263 | Lair:2   | Reached skill level 13 in Fighting
 15263 | Lair:2   | Reached skill level 3 in Invocations
 16206 | Lair:3   | Reached XP level 13. HP: 144/144 MP: 15/15
 16219 | Lair:3   | Found a hole to the Spider Nest.
 16338 | Lair:3   | HP: 32/144 [death yak (12)]
 16341 | Lair:3   | HP: 14/144 [death yak (19)]
 16348 | Lair:3   | HP: 33/144 [death yak (5)]
 16352 | Lair:3   | HP: 12/144 [death yak (13)]
 16353 | Lair:3   | Reached skill level 14 in Axes
 16354 | Lair:3   | HP: 1/144 [death yak (12)]
 16357 | Lair:3   | Reached skill level 4 in Invocations
 16361 | Lair:3   | Reached ***** piety under Makhleb
 16362 | Lair:3   | Reached skill level 4 in Armour
 17299 | Lair:4   | Reached skill level 5 in Invocations
 17415 | Lair:4   | Reached skill level 9 in Shields
 17442 | Lair:4   | Reached skill level 14 in Fighting
 17615 | Lair:4   | Found a staircase to the Shoals.
 18391 | Lair:5   | Noticed Josephine
 18392 | Lair:5   | Noticed Nessos
 18517 | Lair:5   | Noticed Nessos
 18517 | Lair:5   | Nessos changed into Nessos the culicivora
 18530 | Lair:5   | Killed Nessos the culicivora
 18531 | Lair:5   | Reached skill level 15 in Axes
 18531 | Lair:5   | Reached skill level 5 in Armour
 18686 | Lair:5   | Reached skill level 6 in Invocations
 18705 | Lair:5   | Killed Josephine
 18706 | Lair:5   | Reached XP level 14. HP: 112/157 MP: 13/18
 19239 | Lair:5   | Found a viscous altar of Jiyva.
 19239 | Lair:5   | Found a staircase to the Slime Pits.
 19818 | Lair:6   | Entered Level 6 of the Lair of Beasts
 20347 | Lair:6   | Reached ****** piety under Makhleb
 20562 | Lair:6   | Reached skill level 7 in Invocations
 20662 | Lair:6   | Reached skill level 10 in Shields
 21169 | Lair:6   | Reached skill level 6 in Armour
 21182 | Lair:6   | Reached skill level 15 in Fighting
 21555 | Lair:6   | Reached skill level 16 in Axes
 22721 | Lair:6   | Reached XP level 15. HP: 159/167 MP: 20/20
 22742 | Lair:6   | Reached skill level 8 in Invocations
 24355 | D:12     | HP: 31/169 [boulder beetle (26)]
 24357 | D:12     | HP: 13/169 [boulder beetle (19)]
 25339 | D:12     | Reached skill level 7 in Armour
 25346 | D:12     | Reached skill level 11 in Shields
 25777 | D:12     | Identified the ring of Generosity {Fly Int+3 Dex+4 Slay-5}
 26205 | D:12     | Reached skill level 16 in Fighting
 26205 | D:12     | Reached skill level 17 in Axes
 26296 | D:12     | Found a staircase to the Orcish Mines.
 26596 | Orc:1    | Entered Level 1 of the Orcish Mines
 26628 | Orc:1    | Noticed Jorgrun
 26646 | Orc:1    | HP: 41/170 [constriction (7)]
 26647 | Orc:1    | HP: 19/170 [Jorgrun/+0 vorpal quarterstaff (11)]
 27051 | Orc:1    | Killed Jorgrun
 27394 | Orc:1    | Reached skill level 9 in Invocations
 28103 | Orc:1    | Noticed an orc warlord
 28142 | Orc:1    | Killed an orc warlord
 28143 | Orc:1    | HP: 37/170 [orc warrior/+0 glaive[an orc warlord] (12)]
 28149 | Orc:1    | HP: 37/170 [orc warrior/+0 glaive[an orc warlord] (1)]
 28170 | Orc:1    | HP: 32/170 [orc knight/+0 bardiche (10)]
 28495 | Orc:1    | Identified the +6 great sword "Pengiuck" {freeze, Drain
                  | +Blink rN+++ Int+6}
 28495 | Orc:1    | Identified the +8 chain mail of Leefyribb {rN+ Will-
                  | Slay+3}
 28495 | Orc:1    | Noticed an orc warlord
 28523 | Orc:1    | Killed an orc warlord
 28881 | Orc:1    | Got the Grimoire of Supportive Flight
 29093 | Orc:1    | Noticed Erica
 29106 | Orc:1    | Killed Erica
 29274 | Orc:2    | Entered Level 2 of the Orcish Mines
 29501 | Orc:2    | Reached XP level 16. HP: 176/180 MP: 18/23
 29521 | Orc:2    | HP: 37/180 [two-headed ogre/+0 dire flail (11)]
 29525 | Orc:2    | HP: 14/180 [two-headed ogre/+0 giant spiked club (27)]
 29527 | Orc:2    | Reached skill level 18 in Axes
 29527 | Orc:2    | Slain by a two-headed ogre

Illustrated notes

Levels and vault maps discovered:
D:1:      minmay_arrival_glassed_features, layout_loops_ring
D:2:      layout_basic, basic_altar, chequers_serial_rivers_micro_b
D:3:      layout_basic, ebering_ecumenical_altar_sacrificial,
          guppyfry_early_orc_mine, uniq_grinder
D:4:      layout_loops_ring, grunt_temple_overflow_gold_and_silver,
          mainiacjoe_overflow_swirl, uniq_pikel, uniq_natasha
D:5:      lemuel_insect_pit, layout_loops_ring, grunt_ministairs_8,
          chequers_serial_rivers_micro_b, uniq_eustachio
D:6:      layout_rooms, makhleb_blood_cavern_becter,
          lemuel_mausoleum_altar_kikubaaqudgha, jmf_multi_god_temple2,
          minmay_temple_entry_enclosed_plants, serial_shops,
          nicolae_shop_hallway_stairs, kennysheep_generic_room_8,
          uniq_blork_the_orc, uniq_duvessa
D:7:      layout_gridville, nicolae_qazlal_general_emergency, tso_oasis_becter,
          mainiacjoe_overflow_surrounded_room, nicolae_ru_path_of_blood,
          lemuel_doored_altar, enter_bailey_5, lightli_minifort
D:8:      layout_loops_cross, jiyva_altar_1, uniq_gastronok, uniq_joseph,
          uniq_maurice, uniq_grum
D:9:      layout_gridville, uniq_maggie
D:10:     layout_rooms, erik_lair_orcish_takeover, serial_shops, shop,
          chequers_big_river, chequers_garden, uniq_amaemon
D:11:     layout_roguey, serial_ice, serial_ice_j, serial_ice_g, serial_ice_o,
          serial_ice_m, serial_ice_b, serial_ice_h, kennysheep_diamond,
          minivault_26, kennysheep_decorative_pillar, st_stairs_13
D:12:     hangedman_cross_cluster, layout_gridville, orc_0_dummy
Lair:1:   layout_chaotic_city, minmay_shattered_shrine
Lair:2:   layout_small_grid
Lair:3:   layout_chaotic_city, dummy_spider_entry
Lair:4:   layout_regular_city, minmay_shoals_entry_centaurs,
          nicolae_quartered_pool_super, cheibrodos_lair_reptile_den,
          grunt_megastairs_5, infiniplex_staircase_pool
Lair:5:   layout_cave_pods, slime_entry_1, uniq_nessos, uniq_josephine
Lair:6:   hangedman_lair_caniforms_friends, layout_gridlike,
          hangedman_lair_tendril_chambers
Orc:1:    layout_caves, basic_altar, minmay_orc_treasury, uniq_urug, uniq_erica,
          uniq_jorgrun
Orc:2:    st_orc_ogre_mass, layout_caves

Skill      XL: |  1  2  3  4  5  6  7  8  9 10 11 12 13 14 15 16 |
---------------+-------------------------------------------------+-----
Dodging        | 3 4 5 6 7 8 |  8.4
Axes           | 3 4 6 8 9 11 12 13 15 16 17 18 | 18.0
Fighting       | 5 6 7 8 9 11 12 13 14 15 16 | 16.5
Shields        | 4 5 7 8 9 10 11 | 11.6
Armour         | 1 3 5 6 7 |  7.7
Evocations     | 1 2 |  2.1
Invocations    | 3 6 7 9 |  9.7

Action                   |  1- 3 |  4- 6 |  7- 9 | 10-12 | 13-15 | 16-18 || total
-------------------------+-------+-------+-------+-------+-------+-------++-------
Melee: War axe           |    92 |   197 |       |       |   272 |    27 ||   588
       Punch             |       |     4 |     4 |     2 |       |       ||    10
       Mace              |       |       |   236 |   833 |  1515 |       ||  2584
Invok: Lesser Servant of |       |       |       |       |     6 |       ||     6
       Minor Destruction |       |       |       |       |     1 |       ||     1
Evoke: Wand              |       |       |       |    30 |    33 |       ||    63
  Use: Potion            |       |     4 |       |    12 |     6 |       ||    22
       Scroll            |       |       |       |    29 |    12 |       ||    41
 Stab: Sleeping          |     1 |       |     2 |       |       |       ||     3
       Paralysed         |       |       |       |    17 |     6 |       ||    23
       Invisible         |       |       |       |     2 |       |       ||     2
Armor: Robe              |    33 |    85 |    78 |   105 |       |       ||   301
       Swamp dragon scal |       |       |       |   248 |   917 |     6 ||  1171
Dodge: Dodged            |    43 |   109 |   134 |   456 |   875 |    14 ||  1631
       Repelled          |       |       |     1 |     9 |    11 |       ||    21
Block: Kite shield       |       |       |       |   266 |  1132 |    21 ||  1419

Table legend: (Time is in decaauts)
 A = Elapsed time spent in this place.
 B = Non-inter-level travel time spent in this place.
 C = Inter-level travel time spent in this place.
 D = Time resting spent in this place.
 E = Time spent auto-exploring this place.
 F = Levels seen in this place.
 G = Mean time per level.
                   A        B        C        D        E       F      G
               +--------+--------+--------+--------+--------+-----+--------+
         Total |  29846 |  28951 |    895 |   7258 |  15855 |  21 | 1421.2 |
       Dungeon |  17186 |  16573 |    613 |   4005 |   9592 |  12 | 1432.2 |
          Lair |  10150 |   9882 |    268 |   2419 |   5233 |   6 | 1691.7 |
  Orcish Mines |   1856 |   1843 |     13 |    425 |    942 |   2 |  928.0 |
        Bailey |    653 |    653 |      0 |    409 |     88 |   1 |  653.0 |
               +--------+--------+--------+--------+--------+-----+--------+

Top non-repeatable levels by time:
  Lair:6: 3680 daAuts
    D:11: 2630 daAuts
    D:12: 2378 daAuts
     D:4: 1833 daAuts
  Lair:5: 1656 daAuts
   Orc:1: 1618 daAuts
     D:7: 1488 daAuts
     D:6: 1430 daAuts
  Lair:4: 1350 daAuts
  Lair:1: 1327 daAuts
     D:3: 1249 daAuts
     D:5: 1209 daAuts
     D:8: 1200 daAuts
  Lair:2: 1108 daAuts
    D:10: 1064 daAuts

Table legend:
 A = Kills in this place as a percentage of kills in entire the game.
 B = Kills by you in this place as a percentage of kills by you in the entire game.
 C = Kills by friends in this place as a percentage of kills by friends in the entire game.
 D = Other kills in this place as a percentage of other kills in the entire game.
 E = Experience gained in this place as a percentage of experience gained in the entire game.
 F = Experience gained in this place divided by the number of levels of this place that you have seen.
                   A       B       C       D       E      F
               +-------+-------+-------+-------+-------+----------------------
         Total | 100.0 | 100.0 | 100.0 | 100.0 | 100.0 | 6629.9
       Dungeon |  46.9 |  46.9 |  33.3 | 100.0 |  27.6 | 3196.9
          Lair |  34.4 |  34.6 |  16.7 |   0.0 |  51.1 | 11854.8
  Orcish Mines |  16.1 |  15.9 |  50.0 |   0.0 |  20.1 | 13987.5
        Bailey |   2.6 |   2.6 |   0.0 |   0.0 |   1.3 | 1760.0
               +-------+-------+-------+-------+-------+----------------------
